 Dungeon Crawl Stone Soup version 0.24.0-1-gfbc8707122 (webtiles) character file.

Game seed: 6160242623584135970, levelgen mode: deterministic

392 Mrkan the Ruffian (level 6, 0/62 HPs)
             Began as a Troll Monk on Oct 25, 2019.
             Was a Believer of Okawaru.
             Slain by an ogre
             ... wielding a +0 giant club
              (9 damage)
             ... on level 4 of the Dungeon.
             The game lasted 00:05:11 (2734 turns).

Mrkan the Ruffian (Troll Monk)                      Turns: 2734, Time: 00:05:11

Health: 0/62       AC:  6    Str: 20    XL:     6   Next: 51%
Magic:  5/5        EV: 10    Int:  8    God:    Okawaru [**....]
Gold:   262        SH:  0    Dex: 12    Spells: 5/5 levels left

rFire    . . .     SeeInvis .     - Unarmed
rCold    . . .     Gourm    +   (no shield)
rNeg     . . .     Faith    .   a - +0 robe
rPois    .         Spirit   .   (helmet restricted)
rElec    .         Reflect  .   (no cloak)
rCorr    .         Harm     .   (gloves unavailable)
MR       .....                  (boots unavailable)
Stlth    ++........             g - amulet of magic regeneration
HPRegen  0.60/turn              (no ring)
MPRegen  0.34/turn              (no ring)

@: no status effects
A: large, unfitting armour, claws 3, fast metabolism 3, gourmand, regeneration
1, shaggy fur 1, tough skin 3
a: Heroism, Renounce Religion


You were on level 4 of the Dungeon.
You worshipped Okawaru.
Okawaru was pleased with you.
You were not hungry.

You visited 1 branch of the dungeon, and saw 5 of its levels.

You collected 262 gold pieces.

Inventory:

Missiles
 j - 5 boomerangs (quivered)
Armour
 a - a +0 robe (worn)
Jewellery
 g - an amulet of magic regeneration (around neck)
 l - a +2 ring of strength {unknown}
 m - a cursed ring of attention {unknown}
 o - a cursed +4 ring of protection {unknown}
 p - an uncursed ring of resist corrosion {unknown}
Wands
 n - a wand of clouds (3)
Scrolls
 d - 2 scrolls of immolation {unknown}
 i - 2 scrolls of teleportation {unknown}
 k - a scroll of magic mapping {unknown}
 q - a scroll of remove curse {unknown}
 s - a scroll of random uselessness {unknown}
Potions
 c - 2 potions of curing
 f - 2 potions of might
 h - 2 potions of heal wounds
 r - a potion of haste {unknown}
Comestibles
 b - 12 rations


   Skills:
 + Level 4.0 Fighting
 - Level 2.4 Dodging
 - Level 1.0 Stealth
 * Level 6.3 Unarmed Combat


You had 5 spell levels left.
You didn't know any spells.
Your spell library contained the following spells:

 Spells                   Type           Power        Failure   Level  Hunger
 Animate Skeleton         Necr           N/A          41%         1    ##.....
 Apportation              Tloc           #.....       41%         1    ##.....
 Confusing Touch          Hex            #.....       41%         1    ##.....
 Summon Small Mammal      Summ           #...         41%         1    ##.....


Dungeon Overview and Level Annotations

Branches:
Dungeon (5/15)
 Temple: D:4-7

Altars:
Okawaru

Annotations:
D:5 Menkaure


Innate Abilities, Weirdness & Mutations

You are too large for most types of armour.
You have claws for hands.
Your metabolism is lightning-fast.
You like to eat raw meat.
Your natural rate of healing is unusually fast.
You are covered in fur. (AC +1)
You have extremely tough skin. (AC +3)


Message History

You scratch the phantom.
The phantom is almost destroyed.
The phantom hits you.
The phantom blinks!
The phantom blinks!
You scratch the ogre.
The ogre is lightly wounded.
The ogre hits you with a +0 giant club!!
You scratch the ogre.
The ogre is lightly wounded.
The ogre closely misses you.
You scratch the ogre.
The ogre is moderately wounded.
You claw the ogre!
The ogre is severely wounded.
The ogre hits you with a +0 giant club!!
* * * LOW HITPOINT WARNING * * *
You claw the ogre!
The ogre is almost dead.
The phantom blinks!
The ogre hits you with a +0 giant club!
You die...

#...# ##..# #..##
#.## ##.# #.## ###
#.# ....### ##.#
........### #@##
............###O#
..............ยง.#
.....W.........##
................#
................#
................#
................#
#..............##


You could see an ogre.

Vanquished Creatures
  2 phantoms (D:4)
  A scorpion (D:4)
  Natasha (D:4)
  3 adders (D:3)
  4 gnolls (D:3)
  2 worms (D:2)
  A dart slug (D:1)
  6 leopard geckos
  5 orcs (D:3)
  A giant cockroach (D:2)
  6 hobgoblins
  4 jackals (D:3)
  4 kobolds
  4 bats
  6 frilled lizards
  10 goblins
  A jackal skeleton (D:4)
  A quokka skeleton (D:5)
  7 rats
  2 plants (D:1)
71 creatures vanquished.

Notes
Turn   | Place    | Note
-------+----------+-------------------------------------------
     0 | D:1      | Mrkan the Troll Monk began the quest for the Orb.
     0 | D:1      | Reached XP level 1. HP: 22/22 MP: 0/0
   295 | D:1      | Reached XP level 2. HP: 24/29 MP: 1/1
  1025 | D:2      | Reached XP level 3. HP: 25/36 MP: 2/2
  1312 | D:2      | Reached skill level 4 in Unarmed Combat
  1857 | D:3      | You fall into a shaft and drop 2 floors!
  1857 | D:5      | Entered Level 5 of the Dungeon
  1957 | D:5      | Noticed Menkaure
  1986 | D:4      | Noticed a scorpion
  1994 | D:4      | Killed a scorpion
  1994 | D:4      | Reached XP level 4. HP: 45/45 MP: 3/3
  1999 | D:4      | Noticed a phantom
  2019 | D:4      | Killed a phantom
  2019 | D:4      | Reached skill level 5 in Unarmed Combat
  2019 | D:4      | Reached XP level 5. HP: 53/53 MP: 4/4
  2024 | D:4      | Noticed a phantom
  2041 | D:4      | Killed a phantom
  2041 | D:4      | Reached XP level 6. HP: 50/62 MP: 5/5
  2050 | D:4      | Noticed Natasha
  2071 | D:4      | Killed Natasha
  2165 | D:3      | Reached skill level 6 in Unarmed Combat
  2664 | D:4      | Found an iron altar of Okawaru.
  2672 | D:4      | Became a worshipper of Warmaster Okawaru
  2672 | D:4      | Reached * piety under Okawaru
  2672 | D:4      | Reached ** piety under Okawaru
  2734 | D:4      | Slain by an ogre

Levels and vault maps discovered:
D:1:      roderic_crop_circles_arrival_small, layout_basic
D:2:      layout_loops_corners, hex_medium, kennysheep_generic_room_7
D:3:      layout_loops_cross, first_ration
D:4:      layout_cave_pods, lemuel_crystal_altar, uniq_grinder, uniq_natasha
D:5:      layout_cave_pods, grunt_temple_overflow_open, uniq_crazy_yiuf_cottage,
          uniq_menkaure

Skill      XL: |  1  2  3  4  5  6 |
---------------+-------------------+-----
Unarmed Combat | 4 5 6 |  6.3
Fighting       | 3 4 |  4.0
Dodging        | |  2.4
Stealth        | |  1.0

Action                   |  1- 3 |  4- 6 || total
-------------------------+-------+-------++-------
Melee: Unarmed           |   128 |    94 ||   222
       Punch             |     5 |     1 ||     6
  Use: Scroll            |       |     3 ||     3
 Stab: Sleeping          |     3 |     3 ||     6
  Eat: Chunk             |    20 |     4 ||    24
Armor: Robe              |    33 |    28 ||    61
Dodge: Dodged            |    48 |    47 ||    95
